 Dungeon Crawl Stone Soup version 0.32-a0-779-g362cfcae2a (webtiles) character file.

Game seed: 6293781663954069790

5227 Alarak the Basher (level 10, -17/95 HPs)
             Began as a Mountain Dwarf Fighter on Mar 19, 2024.
             Was a Believer of Makhleb.
             Demolished by a red very ugly thing (26 damage)
             ... summoned by a worldbinder
             ... on level 2 of the Abyss on Mar 20, 2024.
             The game lasted 00:25:34 (8987 turns).

Alarak the Basher (Mountain Dwarf Fighter)          Turns: 8987, Time: 00:25:35

Health: -17/95     AC: 14    Str: 23    XL:     10   Next: 35%
Magic:  13/13      EV: 17    Int:  9    God:    Makhleb [**....]
Gold:   449        SH:  5    Dex:  9    Spells: 9/9 levels left

rFire   . . .        n - +1 whip (elec)
rCold   . . .        c - +1 buckler
rNeg    . . .        v - +0 chain mail
rPois   .            (no helmet)
rElec   .            C - +0 cloak
rCorr   .            (no gloves)
SInv    .            B - +2 pair of boots
Will    +....        x - amulet of faith Stlth
                     o - +5 ring of evasion
HPRegen 0.35/turn    E - +5 ring of evasion
MPRegen 0.13/turn

%: faith
@: about to teleport, hasted, studying Stealth, very quick
A: runic magic, artefact enchanting
a: Renounce Religion, Minor Destruction


You were on level 2 of the Abyss.
You worshipped Makhleb.
Makhleb was pleased with you.
You visited 2 branches of the dungeon, and saw 11 of its levels.
You visited the Abyss 1 time.

You collected 449 gold pieces.

Inventory:

Hand Weapons
 n - a +1 whip of electrocution (weapon)
 y - a +2 heavy war axe
Missiles
 e - a throwing net
 p - 76 stones (quivered)
 u - 3 javelins
Armour
 c - a +1 buckler (worn)
 v - a +0 chain mail (worn)
 B - a +2 pair of boots (worn)
 C - a +0 cloak (worn)
Jewellery
 g - a ring of willpower
 o - a +5 ring of evasion (left hand)
 s - an amulet of the acrobat
 x - an amulet of faith (around neck)
 E - a +5 ring of evasion (right hand)
Wands
 h - a wand of mindburst (18)
 w - a wand of paralysis (7)
 F - a wand of roots (8)
Scrolls
 a - a scroll of identify
 i - 3 scrolls of teleportation
 l - 2 scrolls of enchant weapon
 m - a scroll of fear
 D - a scroll of revelation
 H - 2 scrolls of enchant armour
Potions
 d - a potion of might
 f - 2 potions of cancellation
 j - 3 potions of lignification
 k - 2 potions of attraction
 r - 3 potions of curing
 z - 2 potions of haste
 I - a potion of brilliance {unknown}


   Skills:
 - Level 11.1 Fighting
 - Level 4.4(9.1) Axes
 - Level 12.2(12.5) Maces & Flails
 - Level 5.3 Armour
 - Level 3.2 Shields
 + Level 4.3 Invocations


You had 9 spell levels left.
You didn't know any spells.
Your spell library contained the following spells:

 Spells                   Type           Power      Damage    Failure   Level
 Magic Dart               Conj           0%         1d3       58%         1
 Slow                     Hex            0%         N/A       58%         1
 Summon Small Mammal      Summ           0%         N/A       58%         1
 Blink                    Tloc           0%         N/A       75%         2
 Call Imp                 Summ           0%         N/A       75%         2
 Ensorcelled Hibernation  Hex/Ice        0%         N/A       75%         2
 Lesser Beckoning         Tloc           0%         N/A       75%         2
 Call Canine Familiar     Summ           0%         N/A       92%         3
 Confusing Touch          Hex            0%         N/A       92%         3
 Gell's Gravitas          Tloc           0%         N/A       92%         3
 Passwall                 Erth           0%         N/A       92%         3
 Swiftness                Air            0%         N/A       92%         3
 Teleport Other           Tloc           0%         N/A       92%         3
 Vampiric Draining        Necr           0%         2d6       92%         3
 Summon Blazeheart Golem  Fire/Summ      0%         N/A       100%        4
 Dispersal                Tloc           0%         N/A       100%        6


Dungeon Overview and Level Annotations

Branches:
Dungeon (10/15)            Temple (1/1) D:5
   Lair: D:8-11         Orc: D:9-12

Altars:
Ashenzari
Cheibriados
Dithmenos
Elyvilon
Fedhas
Gozag
Hepliaklqana
Kikubaaqudgha
Makhleb
Nemelex Xobeh
Okawaru
Qazlal
Ru
Sif Muna
Trog
Uskayaw
Xom
Yredelemnul
Zin
The Shining One

Shops:
D:7 (*

Portals:
Abyss: D:6

Annotations:
D:6 2 transporters, Flippered's ghost, novice DrNe
D:9 Erolcha


Innate Abilities, Weirdness & Mutations

Your spellcasting is much less encumbered by armour.
You can use scrolls of enchantment on lesser artefacts.


Message History

The puff of frost hits you.
As you read the scroll of identify, it crumbles to dust.
z - 3 potions of haste The white imp barely misses you.
You feel yourself speed up. You block the orange demon's attack.
The white imp closely misses you.
A white imp comes into view.
The white imp shouts, "Out, out, thou gorbellied fool-headed puttock!"
A raiju comes into view.
The raiju barks!
The raiju bursts into living lightning!
The living lightning hits you!
The raiju blinks! x2
The white imp gestures at you.
The puff of frost hits you but does no damage.
You barely miss the raiju. The raiju bites you! The raiju shocks you!
A worldbinder comes into view.
The raiju bursts into living lightning!
The living lightning hits you!!
The raiju blinks!
The worldbinder calls forth creatures from the Vaults!
A raiju comes into view.
As you read the scroll of fear, it crumbles to dust.
You assume a fearsome visage.
The worldbinder is unaffected.
The orange demon looks frightened!
The raiju looks frightened! x2
The raiju barks!
The red very ugly thing resists with almost no effort.
The brown very ugly thing looks frightened!
The green very ugly thing looks frightened!
As you read the scroll of teleportation, it crumbles to dust.
You feel strangely unstable.
You feel the power of the Abyss delaying your translocation!
You block the worldbinder's attack. The worldbinder closely misses you.
The red very ugly thing claws you!
You are engulfed in flames!!
* * * LOW HITPOINT WARNING * * *
You feel much better. The worldbinder completely misses you.
You block the worldbinder's attack.
You feel better. The red very ugly thing claws you!
* * * LOW HITPOINT WARNING * * *
You are engulfed in flames!!
You die...

... ... ## ####. ##
##.# #u#.#.. .... .
#...#.##..##.ยง
#...#... #..
##xu.##.#..#
#.@...h#.#.##..#. #
#u#...#........X..
#####.......#....#.
....โ‰ˆ.#.....
###.#X.4.......
.....##.##..#
##5..# .##.# ..#
#.#.....X5 ~ . ...
~~ โ‰ˆโ‰ˆ#.# ~.


You could see 3 very ugly things, an orange demon (fleeing), a large
abomination, a worldbinder and a raiju (fleeing).

Vanquished Creatures
  A hornet (D:9)
  6 yaks (D:8)
  A wyvern (D:8)
  2 steam dragons
  2 acid dragons
  3 water moccasins
  4 ice beasts
  2 black bears
  4 ogres
  2 centaurs
  3 phantoms
  5 bullfrogs
  3 scorpions
  7 wights
  8 killer bees
  A howler monkey (D:4)
  2 orc priests
  Crazy Yiuf (D:5)
  2 hounds (D:5)
  7 jellies
  An iguana (D:4)
  3 orc wizards (D:4)
  7 gnolls
  4 adders
  2 shadow imps
  2 white imps
  4 ufetubi
  4 dart slugs
  A ribbon worm (D:2)
  15 orcs
  6 endoplasms
  3 giant cockroaches
  10 goblins
  8 hobgoblins
  8 jackals
  5 quokkas
  3 ball pythons
  8 bats
  8 frilled lizards
  9 kobolds
  7 rats
184 creatures vanquished.

Notes
Turn   | Place    | Note
-------+----------+-------------------------------------------
     0 | D:1      | Alarak the Mountain Dwarf Fighter began the quest for the
                  | Orb.
     0 | D:1      | Reached XP level 1. HP: 19/19 MP: 1/1
   117 | D:1      | Reached XP level 2. HP: 25/26 MP: 2/2
   524 | D:1      | Reached XP level 3. HP: 31/31 MP: 3/3
   705 | D:1      | Found Zuriehi's General Store.
  1141 | D:2      | Reached skill level 1 in Maces & Flails
  1342 | D:2      | Reached skill level 2 in Maces & Flails
  1413 | D:2      | Reached XP level 4. HP: 37/38 MP: 4/4
  1872 | D:3      | Noticed a phantom
  1895 | D:3      | Killed a phantom
  1896 | D:3      | Reached skill level 4 in Maces & Flails
  1896 | D:3      | Reached XP level 5. HP: 37/45 MP: 5/5
  2732 | D:4      | Noticed a phantom
  2740 | D:4      | Reached skill level 5 in Maces & Flails
  2750 | D:4      | Killed a phantom
  2751 | D:4      | Reached skill level 6 in Maces & Flails
  2751 | D:4      | Reached XP level 6. HP: 18/51 MP: 6/6
  3024 | D:4      | Found a shadowy altar of Dithmenos.
  3027 | D:4      | Found an opulent altar of Gozag.
  3213 | D:4      | Reached skill level 7 in Maces & Flails
  3681 | D:4      | Reached XP level 7. HP: 57/57 MP: 7/7
  3700 | D:4      | Reached skill level 8 in Maces & Flails
  3933 | D:5      | Entered Level 5 of the Dungeon
  4022 | D:4      | Reached skill level 9 in Maces & Flails
  4276 | D:5      | Reached skill level 10 in Maces & Flails
  4281 | D:5      | Reached XP level 8. HP: 55/63 MP: 8/8
  4509 | D:5      | Reached skill level 11 in Maces & Flails
  4647 | D:5      | Found a staircase to the Ecumenical Temple.
  4667 | Temple   | Entered the Ecumenical Temple
  4694 | Temple   | Became a worshipper of Makhleb the Destroyer
  4909 | D:5      | Found a sacrificial altar of Ru.
  5089 | D:5      | Found a runed translucent door.
  5090 | D:5      | Noticed Crazy Yiuf
  5133 | D:5      | Killed Crazy Yiuf
  5303 | D:6      | Reached skill level 12 in Maces & Flails
  5385 | D:6      | Found a transporter.
  5394 | D:6      | Found a one-way gate to the infinite horrors of the Abyss.
  5394 | D:6      | Found a transporter.
  5394 | D:6      | Noticed Flippered's ghost (novice DrNe)
  5531 | D:6      | Reached skill level 5 in Fighting
  5639 | D:6      | Found a stormy altar of Qazlal.
  5735 | D:6      | Found a bloodstained altar of Trog.
  5799 | D:6      | Reached XP level 9. HP: 35/75 MP: 9/9
  6159 | D:6      | Noticed a toenail golem
  6190 | D:7      | Found Jueng's Profane Products.
  6660 | D:7      | Found Tuonod's Weapon Shoppe.
  6947 | D:7      | Found a glowing golden altar of the Shining One.
  6987 | D:7      | Reached * piety under Makhleb
  7584 | D:8      | Found a shimmering blue altar of Sif Muna.
  7766 | D:8      | Reached skill level 10 in Fighting
  8257 | D:8      | Reached XP level 10. HP: 88/94 MP: 10/10
  8293 | D:8      | Reached ** piety under Makhleb
  8485 | D:8      | Reached skill level 5 in Armour
  8776 | D:10     | Entered Level 10 of the Dungeon
  8858 | D:9      | Found an iron altar of Okawaru.
  8896 | D:9      | Noticed Erolcha
  8900 | Abyss:2  | Cast into level 2 of the Abyss (Erolcha)
  8901 | Abyss:2  | Found a corrupted altar of Lugonu.
  8952 | Abyss:2  | Noticed an orange demon
  8962 | Abyss:2  | Noticed a large abomination
  8965 | Abyss:2  | Noticed a large abomination
  8980 | Abyss:2  | Noticed a worldbinder
  8984 | Abyss:2  | Noticed a red very ugly thing
  8984 | Abyss:2  | Noticed a brown very ugly thing
  8984 | Abyss:2  | Noticed a green very ugly thing
  8985 | Abyss:2  | HP: 3/95 [red very ugly thing[a worldbinder] (30)]
  8987 | Abyss:2  | Demolished by a red very ugly thing

Illustrated notes

Levels and vault maps discovered:
D:1:      tarquinn_simple_flora_water_e, layout_loops_ring, serial_shops,
          nicolae_shop_temple_entry_statues_fountains, lexackson_kobold_supper
D:2:      layout_basic, serial_aquarium, aquarium_bridge_straight
          [aquarium_subvault_bridge, aquarium_subvault_wall,
          aquarium_subvault_bridge, aquarium_subvault_window],
          aquarium_window_corridor_1, aquarium_window_2, aquarium_window_corner,
          aquarium_window_fake, aquarium_view_2c, aquarium_view_2a,
          grunt_ministairs_1
D:3:      layout_loops_corners
D:4:      layout_loops_corners, nicolae_overflow_squiral, st_stairs_2
D:5:      layout_basic, nicolae_ru_the_path_less_chosen,
          minmay_temple_entry_large_hall, uniq_crazy_yiuf_cottage
D:6:      layout_basic, trog_book, nicolae_qazlal_scattered_showers,
          gammafunk_ghost_abyssal_escape, nicolae_letterblocks
          [nicolae_letter_subblock, nicolae_letter_subblock,
          nicolae_letter_subblock, nicolae_letter_subblock,
          nicolae_letter_subblock, nicolae_letter_subblock,
          nicolae_letter_subblock, nicolae_letter_subblock,
          nicolae_letter_subblock, nicolae_letter_subblock,
          nicolae_letter_subblock, nicolae_letter_subblock,
          nicolae_letter_subblock, nicolae_letter_subblock,
          nicolae_letter_subblock, nicolae_letter_subblock,
          nicolae_letter_subblock, nicolae_letter_subblock,
          nicolae_letter_subblock, nicolae_letter_subblock,
          nicolae_letter_subblock, nicolae_letter_subblock,
          nicolae_letter_subblock, nicolae_letter_subblock,
          nicolae_letter_subblock]
D:7:      black_bear_nest_2, layout_basic, tso_altar, serial_shops, shop,
          nicolae_evil_shop
D:8:      layout_loops_ring, mainiacjoe_overflow_alcove_2
D:9:      layout_long_grid, kennysheep_mini, pf_just_have_faith,
          mainiacjoe_overflow_boulevard, erik_orc_1, serial_shops, shop,
          nicolae_elevator_lobby_asterisk, uniq_erolcha
D:10:     layout_small_grid, david_lair_generic, serial_shops, shop,
          guppyfry_shop_venom, uniq_maggie
Temple:   hc_temple_tempest_star
Abyss:2:  base: D:8, hangedman_abyss_or_decor_lesser_grid

Skill      XL: |  1  2  3  4  5  6  7  8  9 10 |
---------------+-------------------------------+-----
Axes           | 3 4 |  4.4
Maces & Flails | 2 4 6 7 10 12 | 12.2
Fighting       | 5 10 11 | 11.1
Armour         | 5 |  5.3
Invocations    | 4 |  4.3
Shields        | |  3.2

Action                     |  1- 3 |  4- 6 |  7- 9 | 10-12 || total
---------------------------+-------+-------+-------+-------++-------
  Melee: War axe           |    93 |       |       |       ||    93
         Whip              |   108 |   172 |   336 |   121 ||   737
  Throw: Stone             |       |     3 |     2 |       ||     5
    Use: Scroll            |     6 |     1 |     9 |     4 ||    20
         Potion            |       |     1 |       |     3 ||     4
 Armour: Scale mail        |   108 |    24 |       |       ||   132
         Chain mail        |       |    50 |   142 |    47 ||   239
  Dodge: Dodged            |   112 |    65 |   131 |    77 ||   385
  Block: Buckler           |    49 |    22 |    66 |    19 ||   156

Table legend: (Time is in decaauts)
 A = Elapsed time spent in this place.
 B = Non-inter-level travel time spent in this place.
 C = Inter-level travel time spent in this place.
 D = Time resting spent in this place.
 E = Time spent auto-exploring this place.
 F = Levels seen in this place.
 G = Mean time per level.
                   A        B        C        D        E       F      G
               +--------+--------+--------+--------+--------+-----+--------+
         Total |   8786 |   7695 |   1091 |    756 |   5636 |  12 |  732.2 |
       Dungeon |   8645 |   7607 |   1038 |    756 |   5580 |  10 |  864.5 |
        Temple |     54 |      1 |     53 |      0 |      0 |   1 |   54.0 |
         Abyss |     86 |     86 |      0 |      0 |     56 |   1 |   86.0 |
               +--------+--------+--------+--------+--------+-----+--------+

Top non-repeatable levels by time:
     D:4: 1494 daAuts
     D:1: 1199 daAuts
     D:8: 1100 daAuts
     D:5: 1088 daAuts
     D:7: 1061 daAuts
     D:6: 998 daAuts
     D:3: 861 daAuts
     D:2: 650 daAuts
     D:9: 183 daAuts
 Abyss:2: 86 daAuts
  Temple: 54 daAuts
    D:10: 8 daAuts
